 Dungeon Crawl Stone Soup version 0.21-a0-110-g8e1637b (webtiles) character file.

106 nikopol the Firebug (level 4, 0/24 HPs)
             Began as a Deep Elf Fire Elementalist on July 8, 2017.
             Killed from afar by an orc wizard (5 damage)
             ... with a magic dart
             ... on level 3 of the Dungeon.
             The game lasted 00:08:54 (2149 turns).

nikopol the Firebug (Deep Elf Fire Elementalist)    Turns: 2149, Time: 00:08:55

Health: 0/24       AC:  3    Str:  5    XL:     4   Next: 55%
Magic:  0/12       EV: 13    Int: 21    God:
Gold:   101        SH:  0    Dex: 15    Spells: 2/11 levels left

rFire    . . .     SeeInvis .   e - +0 dagger
rCold    . . .     Gourm    .   (no shield)
rNeg     . . .     Faith    .   a - +0 robe
rPois    .         Spirit   .   p - +0 helmet
rElec    .         Reflect  .   (no cloak)
rCorr    .         Harm     .   (no gloves)
MR       .....                  (no boots)
Stlth    ++........             (no amulet)
HPRegen  0.08/turn              (no ring)
MPRegen  0.13/turn              (no ring)

@: no status effects
A: no striking features
a: no special abilities


You were on level 3 of the Dungeon.
You were hungry.

You visited 1 branch of the dungeon, and saw 3 of its levels.

You collected 101 gold pieces.

Inventory:

Hand Weapons
 e - a +0 dagger (weapon)
Armour
 a - a +0 robe (worn)
 p - a +0 helmet (worn)
Jewellery
 m - a +2 amulet of reflection {unknown}
 n - a +1 ring of evasion {unknown}
 o - a +5 ring of protection {unknown}
 r - a cursed amulet of inaccuracy {unknown}
 t - a +4 ring of intelligence {unknown}
Scrolls
 d - a scroll of blinking {unknown}
 f - 3 scrolls of identify {unknown}
 g - 3 scrolls of teleportation {unknown}
 j - 2 scrolls of enchant armour {unknown}
 k - a scroll of amnesia {unknown}
 q - 2 scrolls of fog {unknown}
Potions
 l - a potion of brilliance {unknown}
 s - a potion of flight {unknown}
 w - a potion of curing {unknown}
Books
 b - a book of Flames

   Spells                             Type                      Level
   a - Flame Tongue                   Conjuration/Fire             1
   b - Throw Flame                    Conjuration/Fire             2
   c - Conjure Flame                  Conjuration/Fire             3
   d - Inner Flame                    Hexes/Fire                   3
   e - Sticky Flame                   Conjuration/Fire             4
   f - Fireball                       Conjuration/Fire             5
 v - a book of Minor Magic

   Spells                             Type                      Level
   a - Magic Dart                     Conjuration                  1
   b - Blink                          Translocation                2
   c - Call Imp                       Summoning                    2
   d - Slow                           Hexes                        2
   e - Conjure Flame                  Conjuration/Fire             3
   f - Mephitic Cloud                 Conjuration/Poison/Air       3
Comestibles
 c - 3 bread rations
 h - 3 fruits
 i - a royal jelly
 u - 2 chunks of flesh


   Skills:
 + Level 2.8 Dodging
 + Level 3.2 Stealth
 + Level 4.2 Spellcasting
 + Level 2.0 Conjurations
 + Level 4.4 Fire Magic


You had 2 spell levels left.
You knew the following spells:

 Your Spells              Type           Power        Failure   Level  Hunger
a - Flame Tongue          Conj/Fire      ###..        3%          1    None
b - Throw Flame           Conj/Fire      ###...       4%          2    #......
c - Conjure Flame         Conj/Fire      ###.....     10%         3    ###....
d - Magic Dart            Conj           ##..         4%          1    None
e - Blink                 Tloc           N/A          19%         2    #......


Dungeon Overview and Level Annotations

Branches:
Dungeon (3/15)

Altars:
Ashenzari
Zin


Message History

Casting: Flame Tongue
Confirm with . or Enter, or press ? or * to list all spells.
Aiming: Flame Tongue
Press: ? - help, Shift-Dir - straight line The flame tongue hits something.
You closely miss something.
An orc wizard appears from thin air!
Reactivating autopickup.
The orc wizard closely misses you.
You miss the orc wizard.
The orc wizard is severely wounded.
The orc wizard hits you but does no damage. x2
You hit the orc wizard but do no damage.
The orc wizard is severely wounded.
The orc wizard hits you with a dagger.
* * * LOW HITPOINT WARNING * * *
You barely miss the orc wizard.
The orc wizard is severely wounded.
The orc wizard gestures at you while chanting.
The magic dart hits you!
You die...

+§.. o ##...## .
+...##. # ##'##
§≈#≈..#...# #.#
##≈§...o#. #.#
.≈≈≈..... ##.##
........# ##...##
.....§..# #.....#
........######....##
###.##..[)o@.....##
# ##.######........
#.# ######### #.#
..# ###


You could see an orc wizard.

Vanquished Creatures
  Robin (D:2)
  An adder (D:2)
  2 oozes
  A worm (D:2)
  A dart slug (D:2)
  A leopard gecko (D:1)
  2 orcs (D:3)
  2 ball pythons (D:1)
  2 giant cockroaches
  6 hobgoblins
  2 jackals (D:2)
  7 kobolds
  A quokka (D:3)
  8 bats
  A frilled lizard (D:2)
  21 goblins
  3 rats
62 creatures vanquished.

Notes
Turn   | Place    | Note
-------+----------+-------------------------------------------
     0 | D:1      | nikopol the Deep Elf Fire Elementalist began the quest for the Orb.
     0 | D:1      | Reached XP level 1. HP: 10/10 MP: 6/6
   282 | D:1      | Reached XP level 2. HP: 15/15 MP: 5/8
   297 | D:1      | Learned a level 2 spell: Throw Flame
   616 | D:1      | Reached XP level 3. HP: 19/19 MP: 7/9
  1046 | D:2      | Noticed Robin
  1180 | D:2      | Killed Robin
  1180 | D:2      | Reached XP level 4. HP: 24/24 MP: 2/11
  1519 | D:2      | Learned a level 3 spell: Conjure Flame
  1815 | D:3      | Found a glowing silver altar of Zin.
  1919 | D:3      | Found a shattered altar of Ashenzari.
  1926 | D:3      | Learned a level 1 spell: Magic Dart
  1929 | D:3      | Learned a level 2 spell: Blink
  2149 | D:3      | Killed from afar by an orc wizard

Vault maps used:
D:1:      sevenhm_arrival_forest_fort_large_2
D:2:      kennysheep_generic_room_8, uniq_robin
D:3:      lemuel_upstairs_altar, nicolae_qazlal_general_emergency,
          overflow_temple_1_default, ashenzari_altar_1,
          yredelemnul_forgotten_temple_becter, kennysheep_generic_room_10

Skill      XL: |  1  2  3  4 |
---------------+-------------+-----
Stealth        | 3 |  3.2
Fire Magic     | 4 |  4.4
Spellcasting   | 4 |  4.2
Conjurations   | 2 |  2.0
Dodging        | |  2.8

Action                   |  1- 3 |  4- 6 || total
-------------------------+-------+-------++-------
Melee: Dagger            |     2 |    14 ||    16
 Cast: Flame Tongue      |    69 |    52 ||   121
       Blink             |       |     2 ||     2
       Conjure Flame     |       |     1 ||     1
       Throw Flame       |       |     1 ||     1
  Eat: Chunk             |     1 |     2 ||     3
Armor: Robe              |     3 |     7 ||    10
Dodge: Dodged            |    28 |     8 ||    36
